[Event "5th Cesme Open 2017"]
[Site "Cesme"]
[Date "2017.06.18"]
[Round "9.21"]
[White "Bektas, Cagan Erdem"]
[Black "Tokat, Nehir"]
[Result "0-1"]
[ECO "B34"]
[WhiteElo "1319"]
[BlackElo "1493"]
[Annotator "NA"]
[PlyCount "118"]
[EventType "swiss"]
[EventCountry "TUR"]
[SourceTitle "playchess.com"]
[Source "ChessBase"]
[SourceQuality "1"]
[TimeControl "5400+30"]

1. e4 c5 2. Nf3 g6 3. d4 cxd4 4. Nxd4 Bg7 5. Nc3 Nc6 6. Be3 Nf6 7. Be2 O-O 8. Qd2 d5 {[%emt 0:01:30] ]]7]} 9. Nxc6 {[%emt 0:18:30] ]]7]} bxc6 {[%emt 0:00:00] ]]7]} 10. Rd1 {[%emt 0:01:30] ]]7]} Be6 {[%emt 0:07:00] ]]7]} 11. exd5 {[%emt 0:02:30] ]]7]} Nxd5 {[%emt 0:00:30] ]]]]} 12. Bd4 {[%emt 0:09:30] ]]]]} Bxd4 {[%emt 0:02:30] ]]]]} 13. Qxd4 {[%emt 0:00:30] ]]]]} Qb6 {[%emt 0:00:30] ]]]]} 14. Na4 {[%emt 0:15:30] ]]]]} Qa5+ {[%emt 0:03:30] ]]]]} 15. c3 {[%emt 0:03:30] ]]]]]} Rad8 {[%emt 0:03:30] ]]]]]} 16. b3 {[%emt 0:10:30] [%clk 0:35]]%98} Nb6 {[%emt 0:09:30] %%clkk} 17. Qxd8 {[%emt 0:01:30] %%cckk} Rxd8 {[%emt 0:00:30] %%cckk} 18. Rxd8+ {[%emt 0:00:30] %%ccck} Kg7 {[%emt 0:00:30] %%ccck} 19. Rd3 {[%emt 0:02:30] ]%%ccc} Nxa4 {[%emt 0:01:30] ]%%ccc} 20. bxa4 {[%emt 0:00:30] ]%%cc} Qxa4 {[%emt 0:00:30] [%clk 1:09] %%9} 21. O-O {[%emt 0:04:30] [%ckkk1} Qxa2 {[%emt 0:01:30] [%%kk1} 22. Re1 {[%emt 0:01:30] ][%%%} a5 {[%emt 0:00:30] ][%%%} 23. Rdd1 {[%emt 0:03:30] ][%%} Qb3 {[%emt 0:02:30] ][%%} 24. Rc1 {[%emt 0:01:30] ][[%} a4 {[%emt 0:02:30] ][[%} 25. Bf3 {[%emt 0:03:30] ][[%} c5 {[%emt 0:01:30] [%clk 1:03]%%} 26. Bd1 {[%emt 0:01:30] %%cl [%clk 0:05:40] 4} Qa3 {[%emt 0:00:30] %%cl [%clk 0:24:0] 00} 27. Bc2 {[%emt 0:00:30] %%c [%clk 0:05:40]} Qa2 {[%emt 0:01:30] %%cc [%clk 0:24:0] ]]} 28. Bb1 {[%emt 0:01:28] k [%clk 0:19:02] :]] [%clk 0:05:40]]} Qc4 {[%emt 0:05:30] ]2 [%clk 0:24:0] .0} 29. Rc2 {[%emt 0:03:46] [%clk 0:05.40]0} a3 {[%emt 0:04:30] 6] [%clk 0:24:0] 4]} 30. Ba2 Qd3 {[%emt 0:03:30] 2]] [%clk 0:24:0] 0} 31. Rce2 {[%emt 0:01:04] ] [%clk 0:05:40]} Qxc3 {[%emt 0:03:30] ]3] [%clk 0:24:0] 4]} 32. Bxe6 {[%emt 0:00:54] ] [%clk 0:05:40]} fxe6 {[%emt 0:00:00] 9]] [%clk 0:24:0] 4]} 33. Kf1 {[%emt 0:01:20] ] [%clk 0:05:40]} Qc4 {[%emt 0:07:00] 3]] [%clk 0:24:0] 4]} 34. Ra1 {[%emt 0:02:00] ] [%clk 0:05:40]} Kf6 {[%emt 0:02:30] 9]] [%clk 0:24:0] 4]} 35. Raa2 {[%emt 0:01:14] [%clk 0:08.28] 2: [%clk 0:05:40] 00} Qd3 {[%emt 0:03:30] ]5 [%clk 0:24:0] 2} 36. f3 {[%emt 0:01:27] %[ [%clk 0:05:40]} c4 {[%emt 0:00:30] 8] [%clk 0:24:0] 54} 37. Kf2 {[%emt 0:00:23] %[ [%clk 0:05:40]} Qd4+ {[%emt 0:01:30] ]] [%clk 0:24:0] 54} 38. Kf1 {[%emt 0:00:32] % [%clk 0:08:33] [%clk 0:05.40] ]0} c3 {[%emt 0:04:30] 3 [%clk 0:24:0] ..} 39. Rec2 {[%emt 0:01:04] % [%clk 0:05:34] [%} e5 {[%emt 0:07:30] ]]} 40. Re2 e6 {[%emt 0:00:30] 8]} 41. Rec2 e4 {[%emt 0:00:30] ]8} 42. fxe4 Qxe4 {[%emt 0:00:30] 8]} 43. Rf2+ {[%emt 0:00:04] [%clk 0:05.02] ]} Kg7 {[%emt 0:02:30] ]} 44. Rfc2 {[%emt 0:01:22] c} e5 {[%emt 0:00:30] 0} 45. Kf2 Qd4+ {[%emt 0:00:30] 2} 46. Kf1 e4 47. g3 e3 48. Ke2 Qe4 49. h3 g5 50. g4 h6 51. Ke1 Kg6 52. Ke2 h5 53. gxh5+ Kxh5 54. Kd1 Kh4 55. Ke1 Kxh3 56. Rh2+ Kg3 57. Rhc2 Kf3 58. Kf1 e2+ 59. Ke1 Qh4# 0-1

[Event "5th Cesme Open 2017"]
[Site "Cesme"]
[Date "2017.06.18"]
[Round "9.22"]
[White "Daloglu, Berkay"]
[Black "Ciblakbas, Sertan"]
[Result "1-0"]
[ECO "E07"]
[WhiteElo "1659"]
[BlackElo "1628"]
[Annotator "NA"]
[PlyCount "75"]
[EventType "swiss"]
[EventCountry "TUR"]
[SourceTitle "playchess.com"]
[Source "ChessBase"]
[SourceQuality "1"]
[TimeControl "5400+30"]

1. Nf3 d5 2. c4 e6 3. b3 Nf6 4. Bb2 Be7 5. g3 O-O 6. Bg2 Nbd7 7. d4 {[%emt 0:05:30] 0} c6 {[%emt 0:10:00] ]0} 8. Nbd2 {[%emt 0:04:30] ]0} b6 {[%emt 0:05:30] ]0} 9. O-O {[%emt 0:00:30] ]0} Ba6 {[%emt 0:01:30] ]0} 10. Re1 {[%emt 0:01:30] ]0} Ne4 {[%emt 0:02:30] ]0} 11. Nxe4 {[%emt 0:04:30] ]0} dxe4 {[%emt 0:00:30] ]0} 12. Ne5 {[%emt 0:00:30] ]0} Nxe5 {[%emt 0:02:30] ]} 13. dxe5 {[%emt 0:00:30] ]]} e3 {[%emt 0:04:30] ]]} 14. Bxc6 {[%emt 0:13:30] ]]} exf2+ {[%emt 0:03:30] ]]} 15. Kxf2 {[%emt 0:00:00] ]]} Bc5+ {[%emt 0:01:30] ]]} 16. Kg2 {[%emt 0:07:00] ]]} Rc8 {[%emt 0:04:30] ]]} 17. Qxd8 {[%emt 0:13:30] ]]} Rfxd8 18. Be4 {[%emt 0:04:30] ]} Bd4 {[%emt 0:04:00] ]]} 19. Bxd4 {[%emt 0:00:30] ]]} Rxd4 {[%emt 0:00:30] ]]} 20. Bf3 {[%emt 0:00:30] ]} Rcd8 {[%emt 0:00:30] ]} 21. e3 {[%emt 0:00:30] ]} Rd2+ {[%emt 0:00:30] ]} 22. Re2 {[%emt 0:00:30] ]} Bb7 {[%emt 0:00:30] ]} 23. Kf2 {[%emt 0:00:30] ]} Bxf3 {[%emt 0:00:30] ]} 24. Kxf3 {[%emt 0:00:30] ]]} g5 {[%emt 0:00:30] [%clk 0:59]]} 25. g4 {[%emt 0:06:30] %c} R2d3 {[%emt 0:03:30] ]} 26. Rc1 {[%emt 0:00:00] ]} R8d4 {[%emt 0:00:30] ]} 27. Rec2 {[%emt 0:05:00] ]} Rd7 28. h3 {[%emt 0:07:30] % [%clk 0:26:0]} Kf8 29. c5 b5 30. Rc3 Rxc3 31. Rxc3 b4 32. Rc4 a5 33. c6 Rc7 34. Ke4 Ke7 35. Kd4 Kd8 36. Kc5 Kc8 37. Kb6 Kb8 38. Rc5 1-0

[Event "5th Cesme Open 2017"]
[Site "Cesme"]
[Date "2017.06.18"]
[Round "9.23"]
[White "Erke, Mustafa Yigit"]
[Black "Kuyucuogullari, Cagakan"]
[Result "0-1"]
[ECO "B21"]
[WhiteElo "1694"]
[BlackElo "1505"]
[Annotator "NA"]
[PlyCount "63"]
[EventType "swiss"]
[EventCountry "TUR"]
[SourceTitle "playchess.com"]
[Source "ChessBase"]
[SourceQuality "1"]
[TimeControl "5400+30"]

1. e4 d5 2. e5 c5 3. f4 Bf5 4. d4 e6 5. a3 {[%emt 0:03:30] ]} Nc6 {[%emt 0:15:00] ]} 6. Nf3 {[%emt 0:00:30] ]} Qb6 {[%emt 0:02:30] ]} 7. Nbd2 {[%emt 0:01:30] ]} Rc8 {[%emt 0:08:30] ]} 8. Bd3 {[%emt 0:08:30] ]]} Nh6 {[%emt 0:02:30] ]]} 9. O-O {[%emt 0:01:30] ]]} cxd4 {[%emt 0:02:30] ]]} 10. Nb3 {[%emt 0:00:30] ]]} Be7 {[%emt 0:04:30] ]]} 11. Kh1 {[%emt 0:13:30] ]} O-O {[%emt 0:00:30] ]]} 12. Bd2 a6 {[%emt 0:01:30] %cl} 13. Rc1 {[%emt 0:28:30] %%c} Rc7 {[%emt 0:00:30] %%c} 14. Qe2 {[%emt 0:00:00] % [%clk 0:37:0] lk} Rfc8 15. Rfe1 Qa7 16. Bxf5 Nxf5 17. Qd3 h5 18. Re2 b5 19. Rce1 b4 20. axb4 Bxb4 {[%emt 0:03:30] [%clk 0:44] 7 [%clk 0:44:0]} 21. Rf2 Qb6 22. Rfe2 a5 23. Rf2 Bxd2 24. Qxd2 a4 25. Nc1 Qxb2 26. Nd3 Qa2 27. Nb4 Nxb4 28. Qxb4 d3 29. Rc1 dxc2 30. Nd4 Rc4 31. Nxf5 Rxb4 32. Ne7+ 0-1

[Event "5th Cesme Open 2017"]
[Site "Cesme"]
[Date "2017.06.18"]
[Round "9.24"]
[White "Ersoy, Bora"]
[Black "Saribas, Nizamettin"]
[Result "0-1"]
[ECO "C47"]
[WhiteElo "1675"]
[BlackElo "1596"]
[Annotator "NA"]
[PlyCount "125"]
[EventType "swiss"]
[EventCountry "TUR"]
[SourceTitle "playchess.com"]
[Source "ChessBase"]
[SourceQuality "1"]
[TimeControl "5400+30"]

1. e4 e5 2. Nf3 {[%emt 0:00:00] ][%%lk} Nc6 {[%emt 0:14:30] ][%%lk} 3. d4 {[%emt 0:00:30] ][%%k} Nf6 {[%emt 0:00:00] ][%%%k} 4. Nc3 {[%emt 0:00:30] ][%%%k} exd4 {[%emt 0:00:00] ][%%k} 5. Nxd4 {[%emt 0:00:30] ]%%%%} Bb4 {[%emt 0:00:30] ]]%%%} 6. Nxc6 {[%emt 0:00:30] ]]%%} bxc6 {[%emt 0:00:30] ]]%%%} 7. Bd3 {[%emt 0:00:30] ]]%%%} d5 {[%emt 0:08:30] ]]%%%} 8. exd5 {[%emt 0:00:30] ]]%%%} cxd5 {[%emt 0:00:30] ]]%%%} 9. O-O {[%emt 0:00:00] ]]]%%} O-O {[%emt 0:00:00] ]]]%%} 10. Bg5 {[%emt 0:00:00] ]]]%%} c6 {[%emt 0:01:00] ]]]%%} 11. Qf3 {[%emt 0:02:30] ]]]%} Be7 {[%emt 0:02:30] ]]]]} 12. Rfe1 {[%emt 0:07:30] ]]]]} Re8 {[%emt 0:03:30] ]]]]} 13. Nd1 {[%emt 0:10:30] ]]]]]} Be6 {[%emt 0:19:30] ]]]]]} 14. Ne3 {[%emt 1:13:30] ]} Rb8 {[%emt 0:06:30] 0 [%clk 0:40:0]][%clk} 15. Rab1 h6 16. Bh4 {[%emt 0:00:00] [%clk 0:58] ]][%clk} Rb4 {[%emt 0:36:55] %%clkk:5} 17. Bxf6 {[%emt 0:00:00] %%clkkk} Bxf6 {[%emt 0:00:00] ]%%clkk} 18. c3 {[%emt 0:00:00] ]%%ckk} Ra4 {[%emt 0:00:00] [%clk 0:28] ][[%%lk} 19. a3 {[%emt 0:00:00] %[clk} Qc7 {[%emt 0:00:00] % [%clk 0:23:0] [%%lk} 20. g3 {[%emt 0:00:00] ]%[[%} Be7 {[%emt 0:00:00] c%lk0:} 21. Nf5 {[%emt 0:00:00] 6]} Bf8 22. Nd4 {[%emt 0:00:00] 2]]} Bd7 {[%emt 0:00:00] ]} 23. Bc2 {[%emt 0:00:00] ] [%clk 0:24:0][[%} Ra5 {[%emt 0:00:00] ccc} 24. a4 {[%emt 0:00:00] [%clk 0:19.14] k} g6 {[%emt 0:00:00] % [%clk 0:05:09]} 25. Rxe8 Bxe8 26. b4 Ra6 {[%emt 0:00:00] ]} 27. Qe2 {[%emt 0:00:00] ]} Qc8 {[%emt 0:00:52] ]} 28. Re1 {[%emt 0:00:00] ]]} Bd7 {[%emt 0:00:33] [%clk 0:02.56] 9]} 29. Nf3 {[%emt 0:00:00] c%} Bg4 30. Qe3 c5 {[%emt 0:00:30] [%clk 0:00.30] ]} 31. Bd1 {[%emt 0:02:27] [} cxb4 {[%emt 0:02:56] [} 32. cxb4 {[%emt 0:00:30] [} Bxb4 {[%emt 0:00:30] [} 33. Qe8+ Qxe8 34. Rxe8+ Kg7 35. Rd8 Rd6 36. Rb8 a5 37. Rb7 d4 38. Bb3 Rf6 39. Ne5 Be6 40. Bxe6 Rxe6 41. Nxf7 Be7 42. Nd8 Re1+ 43. Kg2 Kg8 44. Rd7 Bc5 45. Nc6 Re2 46. Nxd4 Rd2 47. Rd8+ Kf7 48. Ne6 Rxf2+ 49. Kh3 Kxe6 50. Ra8 Bb4 51. Ra6+ Kf5 52. g4+ Ke4 53. Rxg6 Bd2 54. Kg3 Rf3+ 55. Kg2 Ra3 56. h4 Rxa4 57. g5 hxg5 58. hxg5 Kf5 59. Rd6 Bxg5 60. Rd5+ Kg4 61. Kf2 Ra2+ 62. Ke1 a4 63. Ra5 0-1